 Dungeon Crawl Stone Soup version 0.30-a0-385-gfebfb9b408 (webtiles) character file.

Game seed: 12121299835286512670

1135 ragingrage the Geomancer (level 8, -5/46 HPs)
             Began as an Octopode Earth Elementalist on Dec 2, 2022.
             Was an Initiate of Gozag.
             Slain by a hornet (13 damage)
             ... on level 6 of the Dungeon.
             The game lasted 00:04:00 (4854 turns).

ragingrage the Geomancer (OpEE)                     Turns: 4854, Time: 00:04:01

Health: -5/46      AC:  1    Str: 13    XL:     8   Next: 36%
Magic:  9/11       EV: 13    Int: 19    God:    Gozag
Gold:   343        SH:  0    Dex: 13    Spells: 3/11 levels left

rFire   . . .      SeeInvis .    s - +2 spear (venom)
rCold   . . .      Faith    .    (no shield)
rNeg    . . .      Spirit   .    (helmet restricted)
rPois   +          Reflect  .    (no amulet)
rElec   .          Harm     .    r - ring of poison resistance
rCorr   .          Rampage  .    w - +6 ring of strength
Will    .....                    (no ring)
Stlth   +++.......               (no ring)
HPRegen 0.27/turn                (no ring)
MPRegen 0.12/turn                (no ring)
                                 (no ring)
                                 (no ring)

@: slowed, very slow
A: almost no armour, amphibious, 8 rings, camouflage 1, gelatinous body 1,
(nimble swimmer 1), tentacles
a: Renounce Religion, Potion Petition, Call Merchant, Bribe Branch


You were on level 6 of the Dungeon.
You worshipped Gozag.
Gozag was aware of your devotion.
You visited 2 branches of the dungeon, and saw 7 of its levels.

You collected 477 gold pieces.
You spent 51 gold pieces at shops.
You paid 83 gold pieces to Gozag.

Inventory:

Hand Weapons
 c - a +2 dagger of holy wrath
 i - a +3 dagger
 s - a +2 spear of venom (weapon)
Missiles
 n - 13 poisoned darts
Jewellery
 r - a ring of poison resistance (left tentacle)
 w - a +6 ring of strength (right tentacle)
 D - a ring of positive energy
 E - a ring of ice
Wands
 C - a wand of flame (17)
Scrolls
 b - a scroll of fog
 d - 7 scrolls of identify
 e - 2 scrolls of teleportation {unknown}
 g - a scroll of fear {unknown}
 j - a scroll of brand weapon {unknown}
 l - a scroll of torment {unknown}
 m - a scroll of enchant armour {unknown}
 v - a scroll of immolation {unknown}
 x - a scroll of poison {unknown}
 y - a scroll of enchant weapon {unknown}
 A - a scroll of magic mapping {unknown}
 F - a scroll of vulnerability {unknown}
Potions
 a - 2 potions of magic
 f - 5 potions of curing {unknown}
 h - a potion of might {unknown}
 k - 2 potions of haste {unknown}
 o - a potion of invisibility {unknown}
 p - 2 potions of mutation {unknown}
 q - a potion of berserk rage {unknown}
 t - a potion of attraction {unknown}
 u - a potion of heal wounds {unknown}
 z - 3 potions of degeneration {unknown}
 B - a potion of brilliance {unknown}


   Skills:
 - Level 2.0 Dodging
 - Level 2.6 Stealth
 - Level 2.0 Spellcasting
 - Level 5.0 Conjurations
 - Level 1.0 Transmutations
 + Level 8.7 Earth Magic


You had 3 spell levels left.
You knew the following spells:

 Your Spells              Type           Power      Damage    Failure   Level
a - Sandblast             Erth           70%        2d15      1%          1
b - Stone Arrow           Conj/Erth      56%        3d10      3%          3
c - Passwall              Tmut/Erth      16%        N/A       3%          2
d - Wereblood             Tmut           5%         N/A       17%         2

Your spell library contained the following spells:

 Spells                   Type           Power      Damage    Failure   Level
 Dazzling Flash           Conj/Hex       22%        N/A       19%         3
 Sublimation of Blood     Necr           1%         N/A       26%         2
 Inner Flame              Hex/Fire       1%         N/A       45%         3
 Petrify                  Tmut/Erth      20%        N/A       22%         4
 Iskenderun's Mystic Bla  Conj/Tloc      11%        2d4       52%         4
 Cause Fear               Hex            0%         N/A       86%         4
 Starburst                Conj/Fire      5%         6d4       100%        6
 Summon Hydra             Summ           0%         N/A       100%        7
 Discord                  Hex            0%         N/A       100%        8


Dungeon Overview and Level Annotations

Branches:
Dungeon (6/15)             Temple (1/1) D:4

Altars:
Ashenzari
Cheibriados
Fedhas
Gozag
Makhleb
Nemelex Xobeh
Okawaru
Ru
Sif Muna
Trog
Xom
Yredelemnul
Zin

Shops:
D:1 *


Innate Abilities, Weirdness & Mutations

You cannot wear most types of armour.
You are amphibious.
You can wear up to eight rings at the same time.
Your skin changes colour to match your surroundings (Stealth+).
Your rubbery body absorbs attacks. (AC +1, EV +1)
((You are camouflaged when in or above water. (Stealth+)))
You have tentacles for arms and can constrict up to eight enemies at once.


Message History

Found an escape hatch in the ceiling.
A hound is nearby!
The blast of sand hits the hound!
You kill the hound!
No target in view!
You can't see any susceptible monsters within range! (Use Z to cast anyway.)
You can't see any susceptible monsters within range! (Use Z to cast anyway.)
You now have 325 gold pieces (gained 9).
You now have 333 gold pieces (gained 8).
You now have 343 gold pieces (gained 10).
As you open the door, it creaks loudly!
An orc wizard and 3 orcs come into view.
The orc shouts!
You hear a shout!
The orc shouts!
The orc wizard shouts!
You hear an angry buzzing noise.
You hear a shout! x2
An orc comes into view. It is wielding a +0 falchion.
The blast of sand hits the orc!
You kill the orc!
A hornet comes into view.
The orc wizard mumbles some strange words.
The orc wizard flickers and vanishes!
Deactivating autopickup; reactivate with Ctrl-A.
An orc comes into view. It is wielding a +0 war axe.
An orc comes into view. It is wielding a +0 trident.
There are monsters nearby!
The blast of sand hits the orc but does no damage.
There are monsters nearby!
The blast of sand hits the orc.
The orc is heavily wounded.
The orc barely misses you. The hornet barely misses you.
The orc hits you with a +0 hand axe. The hornet stings you.
The orc hits you with a +0 hand axe. The hornet attacks as you move away!
The hornet stings you! x2
You feel yourself slow down.
There is an escape hatch in the ceiling, spattered with blood here.
You feel yourself speed up. The hornet stings you!
* * * LOW HITPOINT WARNING * * *
You feel yourself slow down. The orc barely misses you. The hornet stings you!
You die...
Your body crumbles into a pile of gold.

# #...##.#.#.##.#............
#......#.#.##.#######.#.###
........... .........>.#.#
............. ..######....#
..####..####.####......###..###
. .... .....................
.... #............###.###
#...................
#..@............####
#.oy...........^####
#...................
#...................
#o####...###........


.oo #...# #........ ..... #...# #........ ....... #...# #.......♣ ....... #####
#####...♣ You could see a hornet and 4 orcs.

Vanquished Creatures
  A troll (D:5)
  Grinder (D:4)
  Sigmund (D:3)
  A black bear (D:5)
  An ogre (D:3)
  A jelly (D:6)
  2 hounds
  An iguana (D:4)
  Robin (D:1)
  6 gnolls
  11 adders
  2 white imps (D:5)
  2 ufetubi
  2 worms
  3 dart slugs
  4 orcs
  10 bats
  5 endoplasms
  3 giant cockroaches
  16 goblins
  5 hobgoblins
  6 jackals
  6 quokkas
  5 ball pythons
  3 frilled lizards
  4 kobolds
  6 rats
  A spectral hobgoblin (D:1)
110 creatures vanquished.

Notes
Turn   | Place    | Note
-------+----------+-------------------------------------------
     0 | D:1      | ragingrage the Octopode Earth Elementalist began the quest
                  | for the Orb.
     0 | D:1      | Reached XP level 1. HP: 11/11 MP: 3/3
    50 | D:1      | Found a faded altar of an unknown god.
   243 | D:1      | Reached XP level 2. HP: 17/17 MP: 3/5
   494 | D:1      | Reached skill level 4 in Earth Magic
   635 | D:1      | Found Jomuety's Assorted Antiques.
   638 | D:1      | Reached XP level 3. HP: 21/21 MP: 4/6
   642 | D:1      | Learned a level 3 spell: Stone Arrow
   645 | D:1      | Learned a level 2 spell: Passwall
   677 | D:1      | Bought a scroll labelled JIL WIN FAIKOSCH for 27 gold
                  | pieces
   677 | D:1      | Bought a ruby potion for 24 gold pieces
  1284 | D:2      | Found a shimmering blue altar of Sif Muna.
  1570 | D:2      | Noticed Robin
  1574 | D:2      | Reached XP level 4. HP: 27/27 MP: 4/7
  1604 | D:1      | Killed Robin
  1763 | D:2      | Reached skill level 5 in Earth Magic
  2039 | D:3      | Noticed an ogre
  2051 | D:3      | Killed an ogre
  2052 | D:3      | Reached skill level 6 in Earth Magic
  2052 | D:3      | Reached XP level 5. HP: 31/31 MP: 6/8
  2095 | D:3      | Learned a level 2 spell: Wereblood
  2177 | D:3      | Found a faded altar of an unknown god.
  2384 | D:3      | Noticed Sigmund
  2395 | D:3      | Killed Sigmund
  2396 | D:3      | Reached XP level 6. HP: 21/36 MP: 7/9
  2855 | D:3      | Found a basalt altar of Yredelemnul.
  2968 | D:4      | Found a sacrificial altar of Ru.
  2981 | D:4      | Noticed Grinder
  2985 | D:4      | Killed Grinder
  2986 | D:4      | Reached skill level 7 in Earth Magic
  2986 | D:4      | Reached XP level 7. HP: 39/41 MP: 3/10
  3422 | D:4      | Found a staircase to the Ecumenical Temple.
  3701 | Temple   | Entered the Ecumenical Temple
  3713 | Temple   | Became a worshipper of Gozag Ym Sagoz the Greedy
  3833 | D:5      | Entered Level 5 of the Dungeon
  4292 | D:5      | Noticed a troll
  4298 | D:5      | Killed a troll
  4299 | D:5      | Reached skill level 5 in Conjurations
  4299 | D:5      | Reached skill level 8 in Earth Magic
  4299 | D:5      | Reached XP level 8. HP: 27/46 MP: 3/11
  4848 | D:6      | Noticed a hornet
  4854 | D:6      | Slain by a hornet

Illustrated notes

Levels and vault maps discovered:
D:1:      wander_arrival_abandoned_jail, layout_loops_ring, serial_shops,
          nicolae_shop_advertising_works [nicolae_subvault_shop_adworks],
          dreamdust_ecumenical_altar_drowned_temple, minmay_domino_2
D:2:      layout_rooms, basic_altar, minmay_joined_circles, uniq_robin
D:3:      layout_loops_cross, nicolae_overflow_ecumenical_swirl, uniq_sigmund
D:4:      layout_loops_cross, lemuel_crystal_altar,
          minmay_temple_entry_enclosed_plants, uniq_grinder
D:5:      layout_basic, ebering_dispersal_statue_hall, amethyst_killhole
D:6:      kennysheep_housing_project, layout_basic, minitemple, serial_bayou,
          serial_bayou_pond_e, serial_bayou_crossing, serial_bayou_lake_a,
          serial_bayou_pond_e, serial_bayou_pond_d, uniq_edmund,
          uniq_blork_the_orc
Temple:   minmay_freezing_vapour_temple

Skill      XL: |  1  2  3  4  5  6  7 |
---------------+----------------------+-----
Earth Magic    | 4 6 7 8 |  8.7
Conjurations   | 2 3 5 |  5.0
Dodging        | |  2.0
Stealth        | |  2.6
Spellcasting   | |  2.0
Transmutations | |  1.0

Action                   |  1- 3 |  4- 6 |  7- 9 || total
-------------------------+-------+-------+-------++-------
Melee: Constrict         |     5 |     8 |       ||    13
       Unarmed           |     1 |       |       ||     1
       Dagger            |     7 |     4 |       ||    11
       Tentacles         |     3 |     4 |       ||     7
       Spear             |       |    29 |     4 ||    33
Throw: Dart              |       |     3 |       ||     3
       Throwing net      |       |     1 |       ||     1
 Cast: Sandblast         |    48 |    41 |    40 ||   129
       Stone Arrow       |       |     1 |     6 ||     7
  Use: Scroll            |     1 |       |       ||     1
 Stab: Sleeping          |       |       |     1 ||     1
Armor: Skin              |     2 |     3 |     1 ||     6
Dodge: Dodged            |    12 |    35 |    21 ||    68

Table legend: (Time is in decaauts)
 A = Elapsed time spent in this place.
 B = Non-inter-level travel time spent in this place.
 C = Inter-level travel time spent in this place.
 D = Time resting spent in this place.
 E = Time spent auto-exploring this place.
 F = Levels seen in this place.
 G = Mean time per level.
                   A        B        C        D        E       F      G
               +--------+--------+--------+--------+--------+-----+--------+
         Total |   4921 |   4668 |    253 |    643 |   3304 |   7 |  703.0 |
       Dungeon |   4903 |   4656 |    247 |    643 |   3294 |   6 |  817.2 |
        Temple |     17 |     12 |      5 |      0 |     10 |   1 |   17.0 |
               +--------+--------+--------+--------+--------+-----+--------+

Top non-repeatable levels by time:
     D:1: 1217 daAuts
     D:3: 960 daAuts
     D:5: 922 daAuts
     D:2: 845 daAuts
     D:4: 845 daAuts
     D:6: 112 daAuts
  Temple: 17 daAuts
